 Dungeon Crawl Stone Soup version 0.22.1-2-g9c5b331 (webtiles) character file.

689 MalarOregon the Poker (level 7, -20/55 HPs)
             Began as a Merfolk Fighter on Nov 28, 2018.
             Was an Initiate of Okawaru.
             Demolished by an ogre
             ... wielding a +0 giant club
              (27 damage)
             ... on level 4 of the Dungeon.
             The game lasted 00:06:02 (2820 turns).

MalarOregon the Poker (Merfolk Fighter)             Turns: 2820, Time: 00:06:03

Health: -20/55     AC: 12    Str: 17    XL:     7   Next: 63%
Magic:  11/11      EV:  9    Int:  9    God:    Okawaru [......]
Gold:   75         SH:  9    Dex: 13    Spells: 11/11 levels left

rFire    . . .     SeeInvis .   a - +0 trident
rCold    . . .     Gourm    .   c - +0 shield
rNeg     . . .     Faith    .   b - +0 scale mail
rPois    .         Spirit   .   w - +1 helmet
rElec    .         Reflect  .   i - +1 cloak
rCorr    +         Harm     .   f - +0 pair of gloves
MR       .....     Rnd*Tele +   (no boots)
Stlth    ..........             y - amulet of the acrobat
HPRegen  0.18/turn              z - ring of resist corrosion
MPRegen  0.12/turn              d - ring of teleportation (curse)

@: lethally poisoned (-20 -> -21)
A: change form in water, swift swim, stealthy swim
a: Renounce Religion


You were on level 4 of the Dungeon.
You worshipped Okawaru.
Okawaru was noncommittal.
You were hungry.

You visited 1 branch of the dungeon, and saw 4 of its levels.

You collected 138 gold pieces.
You spent 63 gold pieces at shops.

Inventory:

Hand Weapons
 a - a +0 trident (weapon)
Armour
 b - a +0 scale mail (worn)
 c - a +0 shield (worn)
 f - a +0 pair of gloves (worn)
   (You bought it in a shop on level 4 of the Dungeon)
 i - a +1 cloak (worn)
   (You found it on level 1 of the Dungeon)
 w - a +1 helmet (worn)
   (You took it off Robin on level 3 of the Dungeon)
Jewellery
 d - a cursed ring of teleportation (right hand)
   (You found it on level 4 of the Dungeon)
 y - an amulet of the acrobat (around neck)
   (You took it off an orc on level 3 of the Dungeon)
 z - a ring of resist corrosion (left hand)
   (You found it on level 4 of the Dungeon)
Wands
 t - a wand of flame (29)
   (You found it on level 3 of the Dungeon)
Scrolls
 j - a scroll of immolation {!r}
 m - a scroll of teleportation {@r4}
Potions
 g - a potion of heal wounds {unknown}
 k - 2 potions of cancellation
 l - 2 potions of invisibility {unknown}
 n - 2 potions of brilliance {unknown}
 o - 3 potions of curing {unknown}
 p - a potion of magic {unknown}
 r - a potion of haste {unknown}
 s - a potion of mutation {unknown}
 B - a potion of flight {unknown}
Comestibles
 e - 5 rations {!d}
 A - 2 chunks of flesh


   Skills:
 + Level 4.8 Fighting
 + Level 5.3 Polearms
 + Level 3.2 Armour
 + Level 3.9 Dodging
 + Level 4.3 Shields
 + Level 2.6 Spellcasting
 + Level 1.4 Evocations


You had 11 spell levels left.
You didn't know any spells.
Your spell library was empty.

Dungeon Overview and Level Annotations

Branches:
Dungeon (4/15)
 Temple: D:4-7

Altars:
Fedhas
Okawaru
Trog

Shops:
D:4 [

Annotations:
D:4 1 runed door, MalarOregon's ghost, amateur MfIE


Message History

There are monsters nearby!
There are monsters nearby!
A quokka and a skeleton come into view.
Attack whom?
Aim: a worker ant You reach to attack!
You hit the ogre.
You are feeling hungry.
You block the worker ant's attack.
You hit the worker ant. The worker ant bites you.
You are poisoned.
The worker ant poisons you!
The worker ant bites you but does no damage.
You puncture the worker ant!
You kill the worker ant!
Okawaru accepts your kill.
You feel sick. You block the adder skeleton's attack.
You puncture the adder skeleton!
You feel sick. The adder skeleton barely misses you.
The quokka twitches its whiskers.
You puncture the adder skeleton!
You destroy the adder skeleton!
Okawaru accepts your kill.
You barely miss the quokka.
You feel sick. You block the quokka's attack. The quokka closely misses you.
You puncture the quokka!
You kill the quokka!
Okawaru accepts your kill.
You hit the ogre. The ogre hits you with a giant club.
You hit the ogre.
You feel sick. You block the ogre's attack.
A hound comes into view.
The hound barks!
You hit the ogre. You block the ogre's attack.
Your shield and scale mail prevent you from hitting the ogre.
You feel sick. You block the ogre's attack.
Your shield and scale mail prevent you from hitting the ogre.
You block the ogre's attack. You block the hound's attack.
You hit the ogre. The hound bites you but does no damage.
The ogre hits you with a giant club!!
* * * LOW HITPOINT WARNING * * *
You hit the ogre. The hound barely misses you. You block the hound's attack.
The ogre hits you with a giant club!
* * * LOW HITPOINT WARNING * * *
You barely miss the ogre.
You feel sick. The hound closely misses you.
The hound bites you but does no damage.
You hit the ogre but do no damage. You block the ogre's attack.
The hound bites you.
* * * LOW HITPOINT WARNING * * *
The hound completely misses you.
You barely miss the ogre. The ogre hits you with a giant club!!
You die...

#.....##....(.##
#.....##........ #
#.....##........
####.###.....########..
.......................
######.##########..#..
##### #.### ##.#.#
#####...###.#<######
#...#
.........O@.........
.....
#........##h#.######
###..# #.......[##.#.#
#........##.#.#
#........##.#.#
#........##(#.#
#....(...##.#.#
+........+..#..
#........#


You could see an ogre and a hound.

Vanquished Creatures
  Grinder (D:3)
  Sigmund (D:3)
  A scorpion (D:3)
  A howler monkey (D:4)
  An orc priest (D:4)
  Jessica (D:3)
  An orc wizard (D:4)
  3 worker ants (D:4)
  Robin (D:3)
  2 adders
  An ooze (D:3)
  An adder skeleton (D:4)
  2 worms
  A dart slug (D:3)
  2 leopard geckos (D:3)
  3 orcs
  2 giant cockroaches
  20 goblins
  6 hobgoblins
  6 kobolds
  2 quokkas (D:4)
  A ball python (D:3)
  6 bats
  4 frilled lizards
  A quokka skeleton (D:4)
  6 rats
77 creatures vanquished.

Notes
Turn   | Place    | Note
-------+----------+-------------------------------------------
     0 | D:1      | MalarOregon the Merfolk Fighter began the quest for the
                  | Orb.
     0 | D:1      | Reached XP level 1. HP: 18/18 MP: 1/1
   126 | D:1      | Reached XP level 2. HP: 11/24 MP: 2/2
   768 | D:2      | Reached skill level 1 in Dodging
   789 | D:2      | Reached XP level 3. HP: 29/29 MP: 2/4
  1053 | D:2      | Found a blossoming altar of Fedhas.
  1289 | D:3      | Noticed a scorpion
  1291 | D:3      | Noticed Jessica
  1309 | D:3      | Killed a scorpion
  1309 | D:3      | Reached skill level 1 in Spellcasting
  1309 | D:3      | Reached XP level 4. HP: 36/37 MP: 5/5
  1310 | D:3      | Killed Jessica
  1336 | D:3      | Noticed Robin
  1338 | D:3      | Noticed Grinder
  1365 | D:3      | Reached XP level 5. HP: 42/42 MP: 7/7
  1411 | D:3      | Killed Grinder
  1411 | D:3      | Reached skill level 4 in Polearms
  1411 | D:3      | Reached XP level 6. HP: 10/49 MP: 7/9
  1668 | D:3      | Killed Robin
  1973 | D:3      | Noticed Sigmund
  1991 | D:3      | Killed Sigmund
  1991 | D:3      | Reached skill level 5 in Polearms
  1991 | D:3      | Reached XP level 7. HP: 27/55 MP: 10/10
  2224 | D:3      | Found a bloodstained altar of Trog.
  2224 | D:3      | Found an iron altar of Okawaru.
  2228 | D:3      | Became a worshipper of Warmaster Okawaru
  2255 | D:4      | Noticed MalarOregon's ghost (amateur MfIE)
  2257 | D:4      | Found a runed door.
  2318 | D:4      | Reached skill level 1 in Evocations
  2741 | D:4      | Found Lidinn's Armour Shoppe.
  2746 | D:4      | Bought a +0 pair of gloves for 63 gold pieces
  2820 | D:4      | Demolished by an ogre

Skill      XL: |  1  2  3  4  5  6  7 |
---------------+----------------------+-----
Dodging        | 1 2 3 |  3.9
Spellcasting   | 1 2 |  2.6
Fighting       | 4 |  4.8
Polearms       | 4 5 |  5.3
Shields        | 4 |  4.3
Armour         | 3 |  3.2
Evocations     | 1 |  1.4

Action                   |  1- 3 |  4- 6 |  7- 9 || total
-------------------------+-------+-------+-------++-------
Melee: Trident           |    83 |   135 |    83 ||   301
Throw: Tomahawk          |     2 |       |       ||     2
  Use: Potion            |     1 |       |     1 ||     2
       Scroll            |       |       |     6 ||     6
  Eat: Chunk             |       |     4 |     2 ||     6
Armor: Scale mail        |    27 |    48 |    20 ||    95
Dodge: Dodged            |    17 |    38 |    18 ||    73
Block: Shield            |    23 |    55 |    45 ||   123
